 Dungeon Crawl Stone Soup version 0.29.1-2-gbd0b4ee654 (webtiles) character file.

Game seed: 17866291175622123499

378 fantasyman the Conjurer (level 6, -3/45 HPs)
             Began as a Demigod Conjurer on Nov 14, 2022.
             Slain by Edmund
             ... wielding a +1 flail of protection
              (8 damage)
             ... on level 4 of the Dungeon.
             The game lasted 00:09:37 (3165 turns).

fantasyman the Conjurer (Demigod Conjurer)          Turns: 3165, Time: 00:09:38

Health: -3/45      AC:  7    Str: 12    XL:     6   Next: 21%
Magic:  23/23      EV: 12    Int: 24    God:
Gold:   152        SH:  0    Dex: 12    Spells: 7/11 levels left

rFire   . . .      SeeInvis .   (no weapon)
rCold   . . .      Faith    .   u - orb {*channel}
rNeg    . . .      Spirit   .   j - +0 leather armour
rPois   .          Reflect  .   (no helmet)
rElec   .          Harm     .   (no cloak)
rCorr   .          Rampage  .   (no gloves)
Will    .....                   (no boots)
Stlth   ++........              v - amulet of magic regeneration
HPRegen 0.15/turn               h - ring of magical power
MPRegen 0.58/turn               k - +4 ring of protection

@: no status effects
A: high MP 1, forlorn, divine attributes, wild magic 1
a: no special abilities


You were on level 4 of the Dungeon.
You visited 1 branch of the dungeon, and saw 4 of its levels.
You also visited: Sewer.

You collected 256 gold pieces.
You spent 104 gold pieces at shops.

Inventory:

Armour
 a - a +0 robe
 j - a +0 leather armour (worn)
 u - an orb of energy (worn)
Jewellery
 h - a ring of magical power (left hand)
 i - an amulet of guardian spirit
 k - a +4 ring of protection (right hand)
 v - an amulet of magic regeneration (around neck)
Wands
 w - a wand of paralysis (8)
Scrolls
 l - a scroll of enchant weapon {unknown}
 m - a scroll of noise {unknown}
 n - 2 scrolls of blinking {unknown}
 o - a scroll of amnesia {unknown}
 p - 4 scrolls of identify
 q - 3 scrolls of teleportation {unknown}
 r - a scroll of fog {unknown}
 s - a scroll of fear {unknown}
 t - a scroll of acquirement {unknown}
Potions
 b - 3 potions of magic
 c - 2 potions of flight
 d - a potion of heal wounds
 e - 2 potions of degeneration {unknown}
 f - 6 potions of curing
 g - 2 potions of ambrosia {unknown}


   Skills:
 - Level 1.4 Armour
 + Level 2.4 Dodging
 + Level 2.6 Stealth
 * Level 3.3 Spellcasting
 * Level 5.4 Conjurations
 * Level 0.1 Fire Magic
 * Level 0.6 Evocations


You had 7 spell levels left.
You knew the following spells:

 Your Spells              Type           Power      Damage    Failure   Level
a - Magic Dart            Conj           100%       1d8       3%          1
b - Searing Ray           Conj           76%        2d7       4%          2
c - Foxfire               Conj/Fire      88%        2x1d8     7%          1

Your spell library contained the following spells:

 Spells                   Type           Power      Damage    Failure   Level
 Static Discharge         Conj/Air       22%        3-6/arc   11%         2
 Conjure Flame            Conj/Fire      22%        6-21      19%         3
 Dazzling Flash           Conj/Hex       44%        N/A       19%         3
 Apportation              Tloc           10%        N/A       21%         1
 Necrotise                Necr           20%        1d5       21%         1
 Summon Small Mammal      Summ           20%        N/A       21%         1
 Inner Flame              Hex/Fire       5%         N/A       45%         3
 Gell's Gravitas          Tloc           5%         N/A       47%         3
 Teleport Other           Tloc           5%         N/A       47%         3
 Flame Wave               Conj/Fire      22%        2d8       50%         4
 Fulminant Prism          Conj/Hex       11%        3d9       50%         4
 Iskenderun's Mystic Bla  Conj/Tloc      22%        2d6       50%         4
 Sticky Flame             Conj/Fire      22%        2d4       50%         4
 Dispel Undead            Necr           5%         3d7       86%         4
 Dispersal                Tloc           2%         N/A       100%        6


Dungeon Overview and Level Annotations

Branches:
Dungeon (4/15)              Sewer (visited)
 Temple: D:4-7

Shops:
D:3 *

Annotations:
D:4 Edmund


Innate Abilities, Weirdness & Mutations

You have an increased reservoir of magic. (+10% MP)
You shall have no god before yourself.
Your divine heritage dramatically boosts your attributes as you level up.
Your spells are a little harder to cast, but a little more powerful.


Message History

Edmund hits you with a +1 flail of protection.
* * * LOW HITPOINT WARNING * * *
Your magical contamination has completely faded away.
Edmund attacks as you move away! Edmund closely misses you.
Edmund says, "Maybe I'll buy a title.
How does Count Edmund sound?"
Edmund drinks a potion.
Edmund is healed!
Edmund gestures with his flail.
Casting: Searing Ray (safe; 4% risk of failure)
Confirm with . or Enter, or press ? or * to list all spells.
Aiming: Searing Ray (safe; 4% risk of failure)
Press: ? - help, Shift-Dir - straight line, f/p - Edmund
Aim: Edmund, wielding a +1 flail of protection and wearing a +0 leather armour (heavily wounded, 81% to hit)
The searing ray hits Edmund.
Edmund is severely wounded. (Press . to maintain the ray.) Edmund says, "A flail is better than a scythe, any day of the week!"
The searing ray hits Edmund.
Edmund is severely wounded.
Edmund barely misses you.
The searing ray hits Edmund.
Edmund is almost dead.
Edmund hits you with a +1 flail of protection.
* * * LOW HITPOINT WARNING * * *
The searing ray hits Edmund but does no damage.
Edmund is almost dead.
You finish channelling your searing ray.
Edmund hits you with a +1 flail of protection.
* * * LOW HITPOINT WARNING * * *
Edmund attacks as you move away!
Edmund hits you with a +1 flail of protection.
* * * LOW HITPOINT WARNING * * *
Edmund gestures with his flail.
Edmund attacks as you move away!
Edmund hits you with a +1 flail of protection.
* * * LOW HITPOINT WARNING * * *
Edmund attacks as you move away! Edmund hits you but does no damage.
Edmund attacks as you move away! Edmund barely misses you.
Edmund attacks as you move away!
Edmund hits you with a +1 flail of protection!
You die...

#.# #.# # #.# . #.#
#######.############
...........'_#.....#
#######.#########.##
...............@..#
#######.########@.#
#.# #.†#
#.########..#
#...........#
###########.# #.#
#†#
###############.#
.......<..wv§§..#


You could see Edmund.

Vanquished Creatures
  Pargi (Sewer)
  A bullfrog (D:3)
  The ghost of cdecastro the Changer, a weakling MfTm of Kikubaaqudgha (D:3)
  An orc priest (D:3)
  An iguana (D:4)
  7 adders
  3 worms
  2 dart slugs (D:3)
  3 orcs (D:3)
  6 bats
  3 endoplasms
  A giant cockroach (D:3)
  3 goblins (D:1)
  3 hobgoblins
  4 quokkas
  7 ball pythons
  7 frilled lizards
  5 kobolds
  7 rats
66 creatures vanquished.

Vanquished Creatures (others)
  41 foxfires (D:4)
41 creatures vanquished.

Grand Total: 107 creatures vanquished

Notes
Turn   | Place    | Note
-------+----------+-------------------------------------------
     0 | D:1      | fantasyman the Demigod Conjurer began the quest for the
                  | Orb.
     0 | D:1      | Reached XP level 1. HP: 14/14 MP: 5/5
   319 | D:1      | Reached skill level 4 in Conjurations
   601 | D:1      | Reached XP level 2. HP: 20/20 MP: 5/7
   605 | D:1      | Learned a level 2 spell: Searing Ray
  1222 | D:2      | Reached XP level 3. HP: 26/26 MP: 8/8
  1981 | D:3      | Reached XP level 4. HP: 29/33 MP: 10/10
  2128 | D:3      | Found a glowing drain.
  2139 | Sewer    | Entered a sewer
  2256 | Sewer    | Noticed Pargi
  2262 | Sewer    | Killed Pargi
  2263 | Sewer    | Reached skill level 5 in Conjurations
  2263 | Sewer    | Reached XP level 5. HP: 38/38 MP: 12/12
  2532 | D:3      | Found Toox's General Store.
  2564 | D:3      | Bought a potion of mutation for 104 gold pieces
  2564 | D:3      | Gained mutation: Your spells are a little harder to cast,
                  | but a little more powerful. [potion of mutation]
  2814 | D:3      | Found a runed translucent door.
  2843 | D:3      | Noticed cdecastro's ghost (weakling MfTm)
  2849 | D:3      | Reached skill level 1 in Armour
  2875 | D:3      | Killed cdecastro's ghost
  2876 | D:3      | Reached XP level 6. HP: 44/45 MP: 8/13
  2989 | D:3      | Learned a level 1 spell: Foxfire
  3120 | D:4      | Noticed Edmund
  3165 | D:4      | Slain by Edmund

Illustrated notes

Levels and vault maps discovered:
D:1:      sevenhm_arrival_forest_fort_small_6, layout_loops_ring,
          dreamdust_ecumenical_altar_hidden_monk_grotto
D:2:      layout_loops_ring, basic_altar
D:3:      layout_rooms, ebering_ghost_sewer_d, serial_shops, shop,
          portal_sewer_entry_d, roderic_roman_lattice,
          kennysheep_big_empty_room, minmay_misc_feat_iff, minmay_unequal
D:4:      layout_basic, kennysheep_mini, hex_large, uniq_edmund, uniq_natasha

Skill      XL: |  1  2  3  4  5 |
---------------+----------------+-----
Conjurations   | 4 5 |  5.4
Spellcasting   | 2 3 |  3.3
Dodging        | 2 |  2.4
Stealth        | 2 |  2.6
Armour         | 1 |  1.4
Fire Magic     | |  0.1
Evocations     | |  0.6

Action                   |  1- 3 |  4- 6 || total
-------------------------+-------+-------++-------
 Cast: Magic Dart        |    59 |    42 ||   101
       Searing Ray       |     3 |     9 ||    12
       Foxfire           |       |    28 ||    28
  Use: Scroll            |     2 |       ||     2
       Potion            |       |     2 ||     2
Armor: Robe              |     1 |       ||     1
       Leather armour    |     2 |    16 ||    18
Dodge: Dodged            |     2 |    19 ||    21
